 Dungeon Crawl Stone Soup version 0.20-a0-435-ga4f17a0 (webtiles) character file.

30131 removeelyvilon the Fighter (level 13, -4/178 HPs)
             Began as a Green Draconian Transmuter on Jan 12, 2017.
             Was a High Priest of Cheibriados.
             Slain by a death yak (8 damage)
             ... on level 2 of the Lair of Beasts.
             The game lasted 00:42:38 (17549 turns).

removeelyvilon the Fighter (DrTm)                  Turns: 17549, Time: 00:42:38

Health: -4/178     AC: 26    Str: 22 (23) XL:     13   Next: 18%
Magic:  18/18      EV:  2    Int: 23 (26) God:    Cheibriados [*****.]
Gold:   829        SH:  0    Dex: 29 (32) Spells: 5/19 levels left

rFire  . . .     SeeInvis .       - Unarmed
rCold  . . .     Gourm    .     (armour unavailable)
rNeg   + + +     Faith    .     (no shield)
rPois  +         Spirit   .     (helmet currently unavailable)
rElec  .         Reflect  .     (cloak currently unavailable)
rCorr  .         Harm     .     (gloves currently unavailable)
MR     +....     NoTele   +     (boots currently unavailable)
Stlth  +++.......               k - amulet of regeneration
                                (no ring)
                                I - ring of protection from magic

@: agile, tree-form, very slightly contaminated, very slow
A: (breathe noxious fumes), unfitting armour, (poison resistance),
(cold-blooded), AC +8
a: Bend Time, Temporal Distortion, Slouch, Step From Time, Renounce Religion


You were on level 2 of the Lair of Beasts.
You worshipped Cheibriados.
Cheibriados was extremely pleased with you.
You were very hungry.
You were a tree.
You visited 3 branches of the dungeon, and saw 14 of its levels.
You also visited: Ice Cave.

You collected 1008 gold pieces.
You spent 179 gold pieces at shops.

Inventory:

Missiles
 a - 219 arrows
Armour
 m - a +0 pair of boots (melded)
 K - a +0 pair of gloves (melded)
Jewellery
 k - an amulet of regeneration (around neck)
 t - an uncursed ring of protection from cold
 C - an uncursed ring of wizardry
 I - a ring of protection from magic (left branch)
Wands
 z - a wand of acid (2/15)
 B - a wand of enslavement (11/24)
 D - a wand of flame (22/48)
 E - a wand of polymorph (14/24)
 M - a wand of flame (25/48)
 O - a wand of confusion (16/48)
 R - a wand of clouds (4/9)
 T - a wand of paralysis (11/24)
Scrolls
 d - 3 scrolls of recharging
 g - 3 scrolls of magic mapping
 h - a scroll of enchant armour {unknown}
 n - a scroll of random uselessness {unknown}
 q - 3 scrolls of blinking
 r - a scroll of amnesia
 w - 3 scrolls of immolation
 x - 12 scrolls of remove curse
 y - 3 scrolls of fog {unknown}
 A - 7 scrolls of teleportation
Potions
 e - 7 potions of curing
 i - 3 potions of brilliance
 j - a potion of flight {unknown}
 l - 2 potions of cancellation
 o - 3 potions of agility
 s - a potion of might
 u - a potion of magic
 G - 2 potions of resistance
 N - a potion of degeneration
 Q - a potion of heal wounds
 S - a potion of haste {unknown}
 U - a potion of cure mutation {unknown}
Books
 b - a book of Changes

   Spells                             Type                      Level
   a - Beastly Appendage              Transmutation                1
   b - Sticks to Snakes               Transmutation                2
   c - Spider Form                    Transmutation/Poison         3
   d - Ice Form                       Ice/Transmutation            4
   e - Blade Hands                    Transmutation                5
 F - a book of Maledictions

   Spells                             Type                      Level
   a - Corona                         Hexes                        1
   b - Ensorcelled Hibernation        Hexes/Ice                    2
   c - Confuse                        Hexes                        3
   d - Tukima's Dance                 Hexes                        3
   e - Dazzling Spray                 Conjuration/Hexes            3
 L - a book of Misfortune

   Spells                             Type                      Level
   a - Confusing Touch                Hexes                        1
   b - Confuse                        Hexes                        3
   c - Gell's Gravitas                Hexes/Translocation          3
   d - Petrify                        Transmutation/Earth          4
   e - Metabolic Englaciation         Hexes/Ice                    5
   f - Yara's Violent Unravelling     Hexes/Transmutation          5
 V - a book of Clouds

   Spells                             Type                      Level
   a - Mephitic Cloud                 Conjuration/Poison/Air       3
   b - Conjure Flame                  Conjuration/Fire             3
   c - Poisonous Cloud                Conjuration/Poison/Air       5
   d - Freezing Cloud                 Conjuration/Ice/Air          6
   e - Ring of Flames                 Charms/Fire                  7
Miscellaneous
 J - a phantom mirror
Comestibles
 c - 3 bread rations
 f - 2 slices of pizza
 p - 7 meat rations
 H - 22 fruits
 P - a royal jelly
 W - 11 chunks of flesh
 X - a beef jerky


   Skills:
 - Level 12.8 Fighting
 * Level 11.4 Dodging
 + Level 10.2 Unarmed Combat
 - Level 3.6 Spellcasting
 - Level 6.4 Transmutations
 - Level 4.6 Ice Magic
 - Level 2.6 Poison Magic
 - Level 6.1 Invocations
 - Level 4.0 Evocations


You had 5 spell levels left.
You knew the following spells:

 Your Spells              Type           Power        Failure   Level  Hunger
b - Sticks to Snakes      Tmut           ####....     1%          2    #......
c - Spider Form           Tmut/Pois      ####......   8%          3    ###....
d - Ice Form              Ice/Tmut       ####....     14%         4    ####...
e - Blade Hands           Tmut           ####......   24%         5    ######.


Dungeon Overview and Level Annotations

Branches:
Dungeon (11/15)            Temple (1/1) D:7            Lair (2/6) D:9
    Orc (0/2) D:11
  Swamp: Lair:2-4    Shoals: Lair:2-4     Snake: Lair:2-4    Spider: Lair:2-4

Altars:
Ashenzari
Cheibriados
Dithmenos
Elyvilon
Fedhas
Gozag
Hepliaklqana
Kikubaaqudgha
Makhleb
Nemelex Xobeh
Okawaru
Qazlal
Ru
Sif Muna
Trog
Uskayaw
Vehumet
Xom
Yredelemnul
Zin
The Shining One

Shops:
D:5 (   D:7 ?   D:8 ?


Innate Abilities, Weirdness & Mutations

((You can breathe blasts of noxious fumes.))
((Your lurid green scales are hard. (AC +8)))
You cannot fit into any form of body armour.
((Your system is resistant to poisons. (rPois)))
((You are cold-blooded and may be slowed by cold attacks.))


Message History

You feel weakened.
You feel dopey.
You feel clumsy.
The death yak gores you but does no damage.
The yak gores you.
* * * LOW HITPOINT WARNING * * *
Unknown command.
It was a potion of heal wounds.
You feel much better. The death yak gores you!
* * * LOW HITPOINT WARNING * * *
The yak gores you!
* * * LOW HITPOINT WARNING * * *
Unknown command.
It was a potion of curing.
You feel better. The death yak gores you!
* * * LOW HITPOINT WARNING * * *
The death yak gores you but does no damage.
The yak barely misses you.
Unknown command.
It was a potion of magic.
Magic courses through your body. The death yak gores you!
* * * LOW HITPOINT WARNING * * *
The death yak gores you!
You die...

.#.#.#######.###########.#
..............(...........
..........................
..........(...............
..........................
................<...(.....
.......(.Y.........>......
.Y...†..YYY...............
#.##..###♣#..##.##..###.##
#. ############# ### #


You could see 2 death yaks and 2 yaks.

Vanquished Creatures
  A frost giant (IceCv)
  Erolcha (D:9)
  2 hydras
  A two-headed ogre (D:11)
  A centaur warrior (D:10)
  4 death yaks
  An unseen horror (D:10)
  The ghost of smeego the Protected, a novice GrBe of Trog (IceCv)
  The ghost of removeelyvilon the Nimble, a novice DrTm of Cheibriados (D:6)
  A cyclops (D:11)
  2 slime creatures (D:11)
  An ugly thing (D:11)
  An ice statue (IceCv)
  2 spiny frogs
  2 rime drakes (Lair:1)
  A komodo dragon (Lair:2)
  2 trolls
  17 polar bears (IceCv)
  2 hornets
  5 blink frogs (Lair:1)
  Prince Ribbit (D:8)
  3 hippogriffs
  A wraith (D:11)
  4 wyverns
  21 yaks
  A hungry ghost (D:9)
  6 water moccasins
  2 hell hounds (D:9)
  2 porcupines (Lair:1)
  A black bear (D:6)
  11 orc warriors
  The ghost of Amaryllis the Slasher, an amateur NaWr (D:4)
  4 ice beasts
  2 sky beasts
  7 ogres
  22 wolves (IceCv)
  3 phantoms
  4 centaurs
  2 crocodiles
  Blork the orc (D:6)
  3 big kobolds
  4 bullfrogs
  3 scorpions
  A water moccasin skeleton (D:11)
  2 killer bees (D:11)
  11 wights
  2 crimson imps (D:5)
  A bullfrog zombie (D:8)
  11 orc priests
  3 hounds
  A bullfrog skeleton (D:6)
  An iguana (D:10)
  10 worker ants
  19 orc wizards
  A killer bee zombie (D:7)
  4 worker ant zombies
  4 gnolls (D:5)
  11 adders
  2 shadow imps
  An adder skeleton (D:6)
  3 worms
  12 leopard geckos
  52 orcs
  9 giant cockroaches
  5 goblins
  3 hobgoblins
  3 quokkas
  4 bats
  2 frilled lizards (D:2)
  A jackal zombie (D:6)
  14 kobolds
  2 leopard gecko skeletons
  3 rats
  A fungus (Lair:2)
357 creatures vanquished.

Vanquished Creatures (collateral kills)
  A worm (D:2)
  A giant cockroach (D:2)
2 creatures vanquished.

Grand Total: 359 creatures vanquished

Notes
Turn   | Place    | Note
-------+----------+-------------------------------------------
     0 | D:1      | removeelyvilon the Draconian Transmuter began the quest for the Orb.
     0 | D:1      | Reached XP level 1. HP: 16/16 MP: 3/3
   638 | D:1      | a bezotted bat gained the power of zot.
   683 | D:1      | Reached XP level 2. HP: 23/23 MP: 3/5
   696 | D:1      | Learned a level 2 spell: Sticks to Snakes
  1449 | D:2      | Reached XP level 3. HP: 17/28 MP: 3/6
  1454 | D:2      | Learned a level 3 spell: Spider Form
  1873 | D:2      | Reached skill level 1 in Poison Magic
  2289 | D:3      | Reached XP level 4. HP: 24/35 MP: 3/7
  2939 | D:3      | Reached skill level 5 in Unarmed Combat
  3195 | D:3      | Reached XP level 5. HP: 40/40 MP: 5/8
  3384 | D:4      | Noticed a phantom
  3408 | D:4      | Noticed Amaryllis's ghost (amateur NaWr)
  3750 | D:4      | Killed Amaryllis's ghost
  3809 | D:4      | Killed a phantom
  3809 | D:4      | Reached XP level 6. HP: 16/47 MP: 3/9
  4373 | D:4      | Your scales start taking on a lurid green colour.
  4373 | D:4      | Reached XP level 7. HP: 35/52 MP: 6/10
  4373 | D:4      | Gained mutation: Your system is resistant to poisons. (rPois) [Green Draconian growth]
  5098 | D:5      | Entered Level 5 of the Dungeon
  5237 | D:5      | Reached skill level 5 in Dodging
  5768 | D:5      | Reached XP level 8. HP: 59/59 MP: 8/11
  5876 | D:5      | Found Akauskiutt's Weapon Shoppe.
  6362 | D:6      | Reached skill level 2 in Fighting
  6501 | D:6      | Reached skill level 3 in Fighting
  6517 | D:6      | Reached skill level 4 in Fighting
  6543 | D:6      | Noticed Blork the orc
  6559 | D:6      | Killed Blork the orc
  6938 | D:6      | Found a sacrificial altar of Ru.
  6945 | D:6      | Reached XP level 9. HP: 73/73 MP: 8/12
  7040 | D:6      | Reached skill level 5 in Fighting
  7082 | D:6      | Noticed removeelyvilon's ghost (novice DrTm)
  7433 | D:7      | Found a staircase to the Ecumenical Temple.
  7444 | D:7      | Reached skill level 6 in Fighting
  7468 | Temple   | Entered the Ecumenical Temple
  7719 | Temple   | Became a worshipper of Cheibriados the Contemplative
  7903 | D:7      | Found Tazxo's Magic Scroll Emporium.
  7908 | D:7      | Bought a scroll of blinking for 75 gold pieces
  8151 | D:7      | Reached skill level 7 in Fighting
  8437 | D:8      | Reached skill level 8 in Fighting
  8562 | D:8      | Found Rogaonye's Magic Scroll Emporium.
  8573 | D:8      | Bought a scroll of teleportation for 33 gold pieces
  8573 | D:8      | Bought a scroll of teleportation for 33 gold pieces
  8573 | D:8      | Bought a scroll of fear for 38 gold pieces
  8749 | D:8      | You fall through a shaft for 3 floors!
  8769 | D:10     | Entered Level 10 of the Dungeon
  8783 | D:10     | Reached * piety under Cheibriados
  8865 | D:10     | Reached skill level 9 in Fighting
  8876 | D:10     | Found a bloodstained altar of Trog.
  9018 | D:9      | Noticed Erolcha
  9041 | D:9      | Killed Erolcha
  9041 | D:9      | Reached skill level 10 in Fighting
  9041 | D:9      | Reached XP level 10. HP: 84/94 MP: 13/13
  9115 | D:9      | Reached skill level 11 in Fighting
  9205 | D:9      | Found a staircase to the Lair.
  9610 | D:9      | Reached skill level 12 in Fighting
  9632 | D:8      | Noticed Prince Ribbit
  9654 | D:8      | Killed Prince Ribbit
 10531 | D:9      | Reached ** piety under Cheibriados
 10540 | D:9      | Learned a level 4 spell: Ice Form
 10711 | D:10     | Reached skill level 1 in Ice Magic
 11063 | D:10     | something gained the power of zot.
 11119 | D:10     | HP: 4/100 [something (12)]
 11413 | D:11     | Noticed a cyclops
 11424 | D:11     | Killed a cyclops
 11461 | D:11     | Reached skill level 1 in Invocations
 11471 | D:11     | a bezotted orc priest gained the power of zot.
 11500 | D:11     | Reached *** piety under Cheibriados
 11540 | D:11     | Reached XP level 11. HP: 70/106 MP: 11/14
 12275 | D:11     | Noticed a purple ugly thing
 12289 | D:11     | Killed a purple ugly thing
 12399 | D:11     | Noticed a two-headed ogre
 12409 | D:11     | Killed a two-headed ogre
 12436 | D:11     | Reached skill level 5 in Transmutations
 12786 | D:11     | Reached **** piety under Cheibriados
 13117 | D:11     | Learned a level 5 spell: Blade Hands
 13234 | D:11     | Found a staircase to the Orcish Mines.
 13608 | D:10     | Killed a bezotted unseen horror
 13755 | D:10     | Noticed a centaur warrior
 13801 | D:10     | Killed a centaur warrior
 14362 | D:6      | Found a sacrificial altar of Ru.
 14695 | D:6      | Killed removeelyvilon's ghost
 15133 | Lair:1   | Entered Level 1 of the Lair of Beasts
 15184 | Lair:1   | Found a frozen archway.
 15202 | IceCv    | Entered an ice cave
 15563 | IceCv    | Reached skill level 5 in Invocations
 15735 | IceCv    | Noticed smeego's ghost (novice GrBe)
 15748 | IceCv    | Killed smeego's ghost
 15748 | IceCv    | Reached XP level 12. HP: 113/113 MP: 9/17
 15952 | IceCv    | Reached ***** piety under Cheibriados
 16407 | IceCv    | Noticed a death yak
 16422 | IceCv    | Reached skill level 1 in Evocations
 16431 | IceCv    | Killed a death yak
 16528 | IceCv    | Noticed a frost giant
 16533 | IceCv    | Reached skill level 10 in Dodging
 16541 | IceCv    | Killed a frost giant
 16948 | Lair:1   | Noticed a four-headed hydra
 16955 | Lair:1   | Killed a four-headed hydra
 17349 | Lair:2   | Noticed a seven-headed hydra
 17354 | Lair:2   | Killed a seven-headed hydra
 17457 | Lair:2   | Reached XP level 13. HP: 119/119 MP: 12/18
 17531 | Lair:2   | Reached skill level 10 in Unarmed Combat
 17549 | Lair:2   | HP: 4/178 [death yak (13)]
 17549 | Lair:2   | Slain by a death yak

Vault maps used:
D:1:      tarquinn_simple_flora_water_e
D:4:      minmay_close_crescents
D:5:      serial_curves, eino_curves_01, eino_curves_04, eino_curves_03,
          serial_shops, kennysheep_mini, first_bread
D:6:      minmay_opposing_rooms, basic_altar, uniq_blork_the_orc
D:7:      serial_shops, nicolae_shop_crystal
D:8:      serial_shops, shop, uniq_prince_ribbit1
D:9:      minmay_lair_entry_lava, serial_curves, eino_curves_02, eino_curves_04,
          blue_anna_alchemist, uniq_erolcha
D:10:     basic_altar
D:11:     hiddenorc1_lemuel
Temple:   nicolae_temple_the_god_donut
Lair:1:   portal_ice_cave_rime
Lair:2:   worms_lemuel
IceCv:    ice_cave_caverns_01

Skill      XL: |  1  2  3  4  5  6  7  8  9 10 11 12 13 |
---------------+----------------------------------------+-----
Unarmed Combat | 4 5 6 7 8 9 10 | 10.2
Poison Magic   | 2 |  2.6
Dodging        | 2 5 7 8 10 11 | 11.4
Fighting       | 4 10 12 | 12.8
Ice Magic      | 3 4 |  4.6
Transmutations | 3 6 |  6.4
Invocations    | 1 5 6 |  6.1
Spellcasting   | 3 |  3.6
Evocations     | 4 |  4.0

Action                   |  1- 3 |  4- 6 |  7- 9 | 10-12 | 13-15 || total
-------------------------+-------+-------+-------+-------+-------++-------
Melee: Unarmed           |   130 |   136 |   385 |   721 |    26 ||  1398
       Kick              |     4 |       |       |       |       ||     4
       Tailslap          |     9 |     5 |    26 |    61 |     4 ||   105
       Headbutt          |     4 |     1 |       |       |       ||     5
       Punch             |       |       |     7 |    18 |     2 ||    27
 Cast: Beastly Appendage |    13 |     1 |       |       |       ||    14
       Sticks to Snakes  |     3 |     4 |     2 |     2 |       ||    11
       Spider Form       |     4 |    14 |    26 |    28 |       ||    72
       Blade Hands       |       |       |       |    17 |     1 ||    18
       Ice Form          |       |       |       |    15 |       ||    15
Invok: Bend Time         |       |       |       |     5 |       ||     5
       Slouch            |       |       |       |     2 |     2 ||     4
 Abil: Breathe Noxious F |       |       |    11 |    11 |     1 ||    23
       End Transformatio |       |       |     2 |     1 |       ||     3
  Use: Scroll            |     1 |     2 |     5 |    12 |       ||    20
       Potion            |       |       |       |     3 |     6 ||     9
 Stab: Confused          |       |       |    10 |     3 |       ||    13
       Sleeping          |       |       |     2 |     2 |       ||     4
       Distracted        |       |       |       |     2 |       ||     2
  Eat: Chunk             |     5 |     6 |    13 |    22 |     1 ||    47
       Bread ration      |       |     1 |     2 |       |       ||     3
       Pizza             |       |       |       |     1 |       ||     1
       Fruit             |       |       |       |     2 |       ||     2
       Meat ration       |       |       |       |     1 |       ||     1
Armor: Skin              |    30 |    10 |    38 |   133 |    16 ||   227
Dodge: Dodged            |    86 |    77 |   256 |   854 |    32 ||  1305
